 Dungeon Crawl Stone Soup version 0.25.0-9-g26727b657a (webtiles) character file.

Game seed: 8057484851264566550

1827 Exodus22XD the Thaumaturge (level 8, -10/61 HPs)
             Began as a Deep Elf Wizard on June 20, 2020.
             Was a Follower of Ashenzari.
             Killed from afar by an electric eel (16 damage)
             ... with a bolt of electricity
             ... in a bailey.
             The game lasted 00:35:27 (8428 turns).

Exodus22XD the Thaumaturge (Deep Elf Wizard)        Turns: 8428, Time: 00:35:30

Health: -10/61     AC: 24    Str:  4    XL:     8   Next: 86%
Magic:  19/22      EV:  2    Int: 26    God:    Ashenzari [*.....]
Gold:   214        SH:  5    Dex: 19    Spells: 12/23 levels left

rFire    . . .     SeeInvis .   w - +3 whip (elec)
rCold    . . .     Gourm    .   (no shield)
rNeg     + + +     Faith    .   (armour currently unavailable)
rPois    +         Spirit   .   (helmet currently unavailable)
rElec    .         Reflect  +   (cloak currently unavailable)
rCorr    .         Harm     .   (gloves currently unavailable)
MR       .....     NoTele   +   (boots currently unavailable)
Stlth    ++........             f - amulet of reflection (curse)
HPRegen  0.20/turn              c - +6 ring of dexterity (curse)
MPRegen  0.18/turn              G - ring of positive energy (curse)

@: tree-form
A: no striking features
a: Curse Item, Scrying, Renounce Religion


You were in a bailey.
You worshipped Ashenzari.
Ashenzari was aware of your devotion.
You were not hungry.
You were a tree.
You visited 2 branches of the dungeon, and saw 8 of its levels.
You also visited: Bailey.

You collected 214 gold pieces.

Inventory:

Hand Weapons
 k - a +1 dagger of venom
 w - a +3 whip of electrocution (weapon)
 y - the +0 spear "Zukysie" {speed, *Slow rC++ Dex+5}
   (You found it on level 4 of the Dungeon)

   Attacks with this weapon are significantly faster.
   It affects your dexterity (+5).
   It greatly protects you from cold.
   It may slow you when you take damage.
 E - the +10 short sword "Fiki" {venom, rC+}
   (You found it on level 4 of the Dungeon)

   It poisons the flesh of those it strikes.
   It protects you from cold.
Armour
 a - a +0 robe (melded)
 n - a +0 helmet (melded)
 q - a +0 pair of gloves (melded)
 A - a +0 cloak (melded)
Jewellery
 c - a cursed +6 ring of dexterity (left branch)
 f - a cursed amulet of reflection (around neck)
 r - an uncursed ring of protection from fire
 D - a +6 ring of strength
 G - a cursed ring of positive energy (right branch)
 H - an uncursed ring of protection from fire
Wands
 C - a wand of iceblast (5)
Scrolls
 g - 3 scrolls of blinking
 h - 4 scrolls of amnesia
 j - a scroll of silence {unknown}
 m - 3 scrolls of fog
 p - a scroll of noise {unknown}
 s - 4 scrolls of teleportation
 u - 2 scrolls of remove curse
 v - a scroll of enchant armour {unknown}
 x - 2 scrolls of magic mapping {unknown}
Potions
 b - a potion of brilliance {unknown}
 e - a potion of might {unknown}
 i - 3 potions of curing
 l - 2 potions of mutation
 o - 2 potions of lignification
 t - a potion of invisibility {unknown}
 z - a potion of flight {unknown}
 B - a potion of degeneration {unknown}
 F - a potion of cancellation {unknown}
Comestibles
 d - 12 rations
 I - 3 chunks of flesh


   Skills:
 - Level 6.0 Dodging
 - Level 2.4 Stealth
 - Level 8.0 Spellcasting
 - Level 6.0 Conjurations
 - Level 4.5 Summonings
 - Level 1.1 Translocations
 + Level 4.8 Fire Magic
 - Level 3.4 Air Magic


You had 12 spell levels left.
You knew the following spells:

 Your Spells              Type           Power        Failure   Level  Hunger
a - Magic Dart            Conj           ####         1%          1    None
b - Call Imp              Summ           ####....     1%          2    None
c - Blink                 Tloc           N/A          5%          2    None
d - Conjure Flame         Conj/Fire      #####...     1%          3    None
e - Mephitic Cloud        Conj/Pois/Air  ####....     4%          3    None

Your spell library contained the following spells:

 Spells                   Type           Power        Failure   Level  Hunger
 Slow                     Hex            ##......     9%          2    None


Dungeon Overview and Level Annotations

Branches:
Dungeon (7/15)             Temple (1/1) D:6          Bailey (1/1)

Altars:
Ashenzari
Cheibriados
Dithmenos
Elyvilon
Fedhas
Gozag
Hepliaklqana
Kikubaaqudgha
Makhleb
Nemelex Xobeh
Okawaru
Qazlal
Ru
Sif Muna
Trog
Uskayaw
Vehumet
Wu Jian
Xom
Yredelemnul
The Shining One

Shops:
D:5 }

Annotations:
D:6 3 runed translucent doors, SpaceButler's ghost, amateur FoAK


Message History

The mass of ice explodes!
The iceblast engulfs the electric eel!
The electric eel is severely wounded.
You hear a shout!
The electric eel shoots out a bolt of lightning at you!
The bolt of electricity hits you!
* * * LOW HITPOINT WARNING * * *
An orc warrior comes into view. It is wielding a +0 war axe.
You feel better.
The electric eel shoots out a bolt of lightning at you!
The bolt of electricity hits you!
* * * LOW HITPOINT WARNING * * *
A hobgoblin comes into view. It is wielding a +0 hand axe.
Your crimson imp hits the electric eel.
It was a potion of lignification.
You turn into a tree.
Your +0 cloak melds into your body.
Your +0 helmet melds into your body.
Your +0 pair of gloves melds into your body.
Your +0 robe melds into your body.
Your roots penetrate the ground.
The electric eel shoots out a bolt of lightning at you!
The bolt of electricity hits you!
You die...

;≈≈≈ #≈≈≈≈≈
≈≈≈≈≈≈
≈≈≈;≈.######
≈≈≈5≈......#
≈≈≈≈≈......###
.g.g.........#
.........∩..∩#
.o.g....♣....#
≈≈≈≈≈......###
≈≈≈≈≈...5..#
≈≈≈≈≈.######
≈≈≈≈≈≈ #≈≈≈≈≈
#≈≈≈≈ #≈≈≈≈
#≈≈≈


You could see an orc warrior, an electric eel, a gnoll, 2 hobgoblins, a friendly
iron imp (summoned) and a friendly crimson imp (summoned).

Vanquished Creatures
  Grinder (D:4)
  A hungry ghost (D:5)
  An orc warrior (D:7)
  A phantom (D:4)
  2 ogres
  A bullfrog (D:6)
  3 scorpions
  A jelly (D:6)
  A howler monkey (D:5)
  An electric eel (Bailey)
  A centaur zombie (D:5)
  A bullfrog zombie (D:5)
  3 crimson imps
  2 hounds
  3 orc priests
  3 orc wizards
  2 iguanas (D:6)
  4 worker ants
  A howler monkey zombie (D:6)
  2 worker ant zombies
  11 adders
  2 oozes
  An adder skeleton (D:4)
  7 worms
  2 dart slugs (D:1)
  4 leopard geckos
  20 orcs
  9 giant cockroaches
  5 goblins
  9 hobgoblins
  9 kobolds
  A bat (D:1)
  7 frilled lizards (D:2)
  A jackal zombie (D:6)
  A quokka zombie (D:7)
  6 rats
130 creatures vanquished.

Vanquished Creatures (collateral kills)
  An orc warrior (D:6)
  3 orc priests
  Terence (D:2)
  A worker ant (D:5)
  An adder (D:6)
  2 orcs
9 creatures vanquished.

Vanquished Creatures (others)
  A jelly (D:5)
  A quokka (D:5)
2 creatures vanquished.

Grand Total: 141 creatures vanquished

Notes
Turn   | Place    | Note
-------+----------+-------------------------------------------
     0 | D:1      | Exodus22XD the Deep Elf Wizard began the quest for the Orb.
     0 | D:1      | Reached XP level 1. HP: 10/10 MP: 7/7
   323 | D:1      | You fall into a shaft and drop 1 floor!
   325 | D:2      | Reached XP level 2. HP: 15/15 MP: 6/9
   329 | D:2      | Learned a level 2 spell: Call Imp
   332 | D:2      | Learned a level 2 spell: Blink
  1084 | D:2      | Reached XP level 3. HP: 19/19 MP: 5/10
  1089 | D:2      | Learned a level 3 spell: Conjure Flame
  1581 | D:2      | Noticed Terence
  1600 | D:2      | Killed Terence
  1600 | D:2      | Reached XP level 4. HP: 24/24 MP: 7/12
  1605 | D:2      | Learned a level 3 spell: Mephitic Cloud
  2727 | D:3      | Reached XP level 5. HP: 17/28 MP: 7/13
  3214 | D:4      | Found an opulent altar of Gozag.
  3301 | D:4      | Got a transparent spear
  3302 | D:4      | Identified the cursed +0 spear "Zukysie" {speed, *Slow rC++
                  | Dex+5} (You found it on level 4 of the Dungeon)
  3415 | D:4      | Noticed a phantom
  3516 | D:4      | Killed a phantom
  3516 | D:4      | Reached XP level 6. HP: 21/32 MP: 2/14
  3809 | D:4      | Noticed Grinder
  3863 | D:4      | Killed Grinder
  4149 | D:4      | Found a shimmering altar of Xom.
  4423 | D:4      | Got a crystal short sword
  4444 | D:5      | Entered Level 5 of the Dungeon
  4549 | D:5      | Reached XP level 7. HP: 36/36 MP: 4/16
  4629 | D:5      | Noticed a hungry ghost
  4639 | D:5      | Killed a hungry ghost
  4639 | D:5      | Reached skill level 6 in Spellcasting
  4727 | D:5      | Found a hide-covered altar of Uskayaw.
  5169 | D:5      | Found Bezisuz's Gadget Shoppe.
  5190 | D:5      | Reached skill level 5 in Conjurations
  5665 | D:6      | Noticed SpaceButler's ghost (amateur FoAK)
  5878 | D:6      | Reached skill level 1 in Air Magic
  6007 | D:6      | Reached XP level 8. HP: 13/41 MP: 2/19
  6223 | D:6      | Found a runed translucent gate.
  6223 | D:6      | Found a runed translucent gate.
  6223 | D:6      | Found a runed translucent gate.
  6538 | D:6      | Reached skill level 7 in Spellcasting
  6596 | D:6      | Found a staircase to the Ecumenical Temple.
  6612 | Temple   | Entered the Ecumenical Temple
  6667 | Temple   | Became a worshipper of Ashenzari the Shackled
  6993 | D:6      | Found a shimmering blue altar of Sif Muna.
  7211 | D:6      | Reached skill level 8 in Spellcasting
  8003 | D:7      | Found a stormy altar of Qazlal.
  8162 | D:7      | Reached skill level 5 in Dodging
  8370 | D:7      | Found a burning altar of Makhleb.
  8370 | D:7      | Noticed a green death
  8399 | D:7      | Found a flagged portal.
  8405 | Bailey   | Entered a bailey
  8405 | Bailey   | Reached * piety under Ashenzari
  8428 | Bailey   | Killed from afar by an electric eel

Illustrated notes

Levels and vault maps discovered:
D:1:      minmay_arrival_glassed_features, layout_loops_ring
D:2:      layout_loops_ring, uniq_terence
D:3:      layout_loops_ring, serial_rivers, chequers_serial_rivers_small_b,
          chequers_serial_rivers_micro_e, chequers_serial_rivers_micro_e,
          chequers_serial_rivers_small_3, first_ration
D:4:      layout_basic, kennysheep_little_box, overflow_temple_1_default,
          uniq_grinder
D:5:      layout_loops_ring, eat_drink_and_be_merry_uskayaw, serial_shops, shop,
          lemuel_flame_loot_1
D:6:      layout_loops_corners, led_sif_pool, minmay_temple_entry_proselytizer,
          gammafunk_ghost_icy
D:7:      minmay_inner_zag, layout_loops_corners, grunt_qazlal_sundering,
          enter_bailey_2, makhleb_altar_promises_db
Temple:   nicolae_temple_elliptical
Bailey:   bailey_axe_of_yendor_kennysheep, bailey

Skill      XL: |  1  2  3  4  5  6  7  8 |
---------------+-------------------------+-----
Conjurations   | 2 3 4 5 6 |  6.0
Summonings     | 3 4 |  4.5
Fire Magic     | 2 4 |  4.8
Spellcasting   | 6 8 |  8.0
Air Magic      | 2 3 |  3.4
Dodging        | 6 |  6.0
Stealth        | |  2.4
Translocations | |  1.1

Action                   |  1- 3 |  4- 6 |  7- 9 || total
-------------------------+-------+-------+-------++-------
Melee: Spear             |       |    18 |    15 ||    33
       Whip              |       |       |    18 ||    18
 Cast: Magic Dart        |    76 |   123 |   223 ||   422
       Call Imp          |     2 |    11 |    14 ||    27
       Conjure Flame     |       |     4 |    11 ||    15
       Blink             |       |     2 |     2 ||     4
       Mephitic Cloud    |       |       |     8 ||     8
Invok: Curse Item        |       |       |     3 ||     3
Evoke: Wand              |       |       |     2 ||     2
  Use: Scroll            |       |     2 |     6 ||     8
       Potion            |       |       |     2 ||     2
 Stab: Distracted        |       |     1 |       ||     1
       Confused          |       |       |     3 ||     3
  Eat: Chunk             |     2 |     7 |    10 ||    19
       Ration            |       |       |     1 ||     1
Armor: Robe              |     1 |     2 |     6 ||     9
Dodge: Dodged            |     2 |     8 |    27 ||    37
Block: Other             |       |     2 |    16 ||    18
       Reflection        |       |       |     3 ||     3
